 Dungeon Crawl Stone Soup version 0.28.0-53-g5a82cb258f (webtiles) character file.

Game seed: 1765348701132416723

252 Peloso the Covered (level 5, -9/47 HPs)
             Began as a Minotaur Fighter on June 14, 2022.
             Mangled by an ogre
             ... wielding a +0 giant club
              (24 damage)
             ... on level 4 of the Dungeon.
             The game lasted 00:03:29 (2333 turns).

Peloso the Covered (Minotaur Fighter)               Turns: 2333, Time: 00:03:30

Health: -9/47      AC:  8    Str: 20    XL:     5   Next: 89%
Magic:  4/4        EV:  9    Int:  5    God:
Gold:   86         SH:  5    Dex: 12    Spells: 4/4 levels left

rFire   . . .      SeeInvis .   a - +0 long sword
rCold   . . .      Faith    .   c - +0 buckler
rNeg    . . .      Spirit   .   b - +0 scale mail
rPois   .          Reflect  .   (helmet restricted)
rElec   .          Harm     .   (no cloak)
rCorr   .          Rampage  .   i - +0 pair of gloves
Will    .....                   (no boots)
Stlth   ..........              (no amulet)
HPRegen 0.15/turn               (no ring)
MPRegen 0.09/turn               (no ring)

@: no status effects
A: horns 2, retaliatory headbutt
a: no special abilities


You were on level 4 of the Dungeon.
You visited 1 branch of the dungeon, and saw 4 of its levels.

You collected 86 gold pieces.

Inventory:

Hand Weapons
 a - a +0 long sword (weapon)
Missiles
 j - 2 throwing nets (quivered)
Armour
 b - a +0 scale mail (worn)
 c - a +0 buckler (worn)
 i - a +0 pair of gloves (worn)
Jewellery
 e - a ring of fire
Scrolls
 f - 2 scrolls of identify {unknown}
 h - a scroll of enchant weapon {unknown}
 k - a scroll of noise {unknown}
Potions
 d - a potion of might
 g - a potion of heal wounds {unknown}


   Skills:
 + Level 4.3 Fighting
 + Level 5.0 Long Blades
 + Level 5.0 Armour
 + Level 1.0 Dodging
 + Level 0.3 Stealth
 + Level 4.6 Shields


You had 4 spell levels left.
You didn't know any spells.
Your spell library contained the following spells:

 Spells                   Type           Power      Damage    Failure   Level
 Leda's Liquefaction      Hex/Erth       0%         N/A       100%        4
 Lee's Rapid Deconstruct  Erth           0%         3d5*      100%        5
 Statue Form              Tmut/Erth      0%         N/A       100%        6


Dungeon Overview and Level Annotations

Branches:
Dungeon (4/15)
 Temple: D:4-7

Altars:


Innate Abilities, Weirdness & Mutations

You have a pair of horns on your head.
You reflexively headbutt those who attack you in melee.


Message History

You block the necrophage's attack.
You barely miss the necrophage.
The necrophage is severely damaged.
The necrophage hits you but does no damage.
You closely miss the necrophage.
The necrophage is severely damaged.
The necrophage hits you but does no damage.
You hit the necrophage.
The necrophage is almost destroyed.
The necrophage hits you.
You feel drained. You block the necrophage's attack.
You closely miss the necrophage. You headbutt the necrophage.
You destroy the necrophage!
Your life force feels restored.
Your Long Blades skill increases to level 5!
Your Armour skill increases to level 5!
Your Dodging skill increases to level 1!
There is an escape hatch in the ceiling here.
Things that are here:
a +0 club; a quokka corpse HP restored.
There is a stone staircase leading up here.
An ogre comes into view. It is wielding a +0 giant club.
The ogre shouts!
An ogre is nearby!
You aren't carrying any items that you can evoke.
Unknown command.
You hit the ogre. You headbutt the ogre.
The ogre is moderately wounded.
You block the ogre's attack.
You barely miss the ogre. You headbutt the ogre.
The ogre is moderately wounded.
The ogre hits you with a +0 giant club!!
You slash the ogre! You headbutt the ogre.
The ogre is severely wounded.
The ogre hits you with a +0 giant club!
You slash the ogre!
The ogre is almost dead.
The ogre hits you with a +0 giant club!!
Ouch! That really hurt!
You die...

### ##.## ##...##
##.....#### ##########
#.........# #.@O......
##.....##.# #.########
##...###.###.#########.
##.## #.##>...........
#.# #.##..##########
#.# #...<......... #.#
####..######## #.#
#####..#######
##.###.<†.........#


You could see an ogre.

Vanquished Creatures
  A necrophage (D:4)
  A phantom (D:3)
  2 adders (D:3)
  4 worms
  2 dart slugs
  3 ball pythons
  6 bats (D:2)
  4 endoplasms
  3 giant cockroaches
  6 goblins
  11 hobgoblins
  3 jackals
  5 kobolds
  3 quokkas
  2 frilled lizards
  7 rats (D:1)
63 creatures vanquished.

Notes
Turn   | Place    | Note
-------+----------+-------------------------------------------
     0 | D:1      | Peloso the Minotaur Fighter began the quest for the Orb.
     0 | D:1      | Reached XP level 1. HP: 19/19 MP: 0/0
   123 | D:1      | Reached XP level 2. HP: 27/27 MP: 1/1
   646 | D:1      | Reached XP level 3. HP: 24/33 MP: 2/2
   968 | D:2      | Found a faded altar of an unknown god.
  1404 | D:3      | Reached XP level 4. HP: 40/40 MP: 3/3
  1967 | D:4      | Noticed a phantom
  1982 | D:3      | Killed a phantom
  1983 | D:3      | Reached XP level 5. HP: 25/46 MP: 4/4
  2133 | D:4      | Noticed a necrophage
  2148 | D:4      | Killed a necrophage
  2149 | D:4      | Reached skill level 5 in Long Blades
  2149 | D:4      | Reached skill level 5 in Armour
  2149 | D:4      | Reached skill level 1 in Dodging
  2326 | D:4      | Noticed an ogre
  2333 | D:4      | Mangled by an ogre

Illustrated notes

Levels and vault maps discovered:
D:1:      onia_arrival_mini_spirals, layout_rooms, minmay_misc_feat_square
D:2:      layout_basic, basic_ecumenical_altar
D:3:      layout_basic, nrook_mini_vaults, chequers_garden, st_stairs_8
D:4:      layout_loops_ring, minmay_temple_entry_gardened_gates,
          chequers_serial_rivers_room_b

Skill      XL: |  1  2  3  4  5 |
---------------+----------------+-----
Armour         | 4 5 |  5.0
Shields        | 4 |  4.6
Long Blades    | 3 4 5 |  5.0
Fighting       | 4 |  4.3
Dodging        | 1 |  1.0
Stealth        | |  0.3

Action                   |  1- 3 |  4- 6 || total
-------------------------+-------+-------++-------
Melee: Long sword        |    88 |    59 ||   147
       Headbutt          |    19 |    13 ||    32
  Use: Scroll            |     1 |       ||     1
Armor: Scale mail        |    54 |    17 ||    71
Dodge: Dodged            |    52 |    17 ||    69
Block: Buckler           |    25 |    15 ||    40
